 Dungeon Crawl Stone Soup version 0.29.1-13-g9f3cf754e1 (webtiles) character file.

Game seed: 7397210245202168700

58 Thatpatchoflichen the Shooter (level 4, -1/28 HPs)
             Began as a Kobold Hunter on Jan 19, 2023.
             Slain by Crazy Yiuf
             ... wielding a +3 quarterstaff of chaos
              (12 damage)
             ... on level 3 of the Dungeon.
             The game lasted 00:05:09 (2382 turns).

Thatpatchoflichen the Shooter (Kobold Hunter)       Turns: 2382, Time: 00:05:11

Health: -1/28      AC:  4    Str:  8    XL:     4   Next: 20%
Magic:  4/4        EV: 15    Int: 10    God:
Gold:   94         SH:  0    Dex: 20    Spells: 3/3 levels left

rFire   . . .      SeeInvis .   a - +0 shortbow
rCold   . . .      Faith    .   (shield currently unavailable)
rNeg    . . .      Spirit   .   c - +0 leather armour
rPois   .          Reflect  .   (no helmet)
rElec   .          Harm     .   (no cloak)
rCorr   .          Rampage  .   (no gloves)
Will    .....                   n - +0 pair of boots
Stlth   +++.......              (no amulet)
HPRegen 0.09/turn               (no ring)
MPRegen 0.09/turn               (no ring)

@: no status effects
A: small, no large weapons, nightstalker 3
a: no special abilities


You were on level 3 of the Dungeon.
You visited 1 branch of the dungeon, and saw 3 of its levels.

You collected 94 gold pieces.

Inventory:

Hand Weapons
 a - a +0 shortbow (weapon)
 k - a +0 whip of electrocution
Missiles
 e - 8 poisoned darts
 i - 5 datura-tipped darts
Armour
 c - a +0 leather armour (worn)
 n - a +0 pair of boots (worn)
Magical Staves
 j - a staff of cold
Jewellery
 l - a +6 ring of strength
Scrolls
 b - a scroll of immolation
 d - 3 scrolls of vulnerability {unknown}
 g - a scroll of blinking {unknown}
 h - a scroll of identify {unknown}
 m - a scroll of magic mapping {unknown}
Potions
 f - a potion of magic {unknown}


   Skills:
 + Level 3.1 Fighting
 + Level 6.0 Ranged Weapons
 + Level 3.4 Dodging
 - Level 2.0 Stealth


You had 3 spell levels left.
You didn't know any spells.
Your spell library contained the following spells:

 Spells                   Type           Power      Damage    Failure   Level
 Iskenderun's Battlesphe  Conj           0%         2d6       100%        5
 Iron Shot                Conj/Erth      0%         9d1       100%        6
 Spellforged Servitor     Conj/Summ      0%         N/A       100%        7


Dungeon Overview and Level Annotations

Branches:
Dungeon (3/15)

Altars:
Dithmenos

Annotations:
D:3 Crazy Yiuf


Innate Abilities, Weirdness & Mutations

You are small and have problems with some larger weapons.
You are completely attuned to the shadows.


Message History

You see here a +0 dagger.
You open the door.
There is an open door here.
There is an open door here.
Done exploring.
Done exploring.
You see here a +0 dagger.
There is an escape hatch in the floor here.
There is a stone staircase leading down here.
You climb downwards.
There is a stone staircase leading up here.
You climb upwards.
There is a stone staircase leading down here.
There is an open door here.
There is a stone staircase leading down here.
You climb downwards.
There is a stone staircase leading up here.
You climb upwards.
There is a stone staircase leading down here.
There is a stone staircase leading down here.
You climb downwards.
There is a stone staircase leading up here.
Found a runed translucent door.
Found a hammer.
Crazy Yiuf shouts!
You open the door.
Fire: a) +0 shortbow
Press: ? - help, Q - select action, (/) - cycle Shift-Dir - straight line, f - Crazy Yiuf
Aim: Crazy Yiuf, wielding a +3 quarterstaff of chaos and wearing a +0 cloak (69% to hit)
You shoot an arrow. The arrow hits Crazy Yiuf.
Crazy Yiuf is moderately wounded.
Crazy Yiuf hits you with a +3 quarterstaff of chaos!
Ouch! That really hurt!
Crazy Yiuf freezes you.
Fire: a) +0 shortbow
Press: ? - help, Q - select action, (/) - cycle Shift-Dir - straight line, f/p - Crazy Yiuf
Aim: Crazy Yiuf, wielding a +3 quarterstaff of chaos and wearing a +0 cloak (moderately wounded, 69% to hit)
You shoot an arrow. The arrow closely misses Crazy Yiuf.
Crazy Yiuf hits you with a +3 quarterstaff of chaos!
You die...

# # # # #.#
#..)# #.#
#...# #.#
### ... #.#
##.## #g#
#.######.#.#
♣♣@♣
........####
♣.♣♣
########.#.#
♣♣.♣ # #...#
♣.♣♣ # #...#
♣♣.♣♣ #
##.## ♣...♣♣
#.# ♣....♣
#.# #....#
#.####....#


You could see Crazy Yiuf.

Vanquished Creatures
  An adder (D:2)
  2 worms (D:2)
  2 dart slugs (D:1)
  A ball python (D:2)
  6 endoplasms
  2 giant cockroaches
  A goblin (D:1)
  4 hobgoblins
  3 jackals (D:2)
  3 quokkas
  A bat (D:2)
  3 frilled lizards
  3 kobolds
  4 rats (D:2)
36 creatures vanquished.

Notes
Turn   | Place    | Note
-------+----------+-------------------------------------------
     0 | D:1      | Thatpatchoflichen the Kobold Hunter began the quest for the
                  | Orb.
     0 | D:1      | Reached XP level 1. HP: 12/12 MP: 1/1
   100 | D:1      | Found a faded altar of an unknown god.
   204 | D:1      | Reached XP level 2. HP: 18/18 MP: 2/2
   820 | D:2      | Reached XP level 3. HP: 22/22 MP: 3/3
  1285 | D:2      | Found a shadowy altar of Dithmenos.
  1632 | D:2      | Reached XP level 4. HP: 17/28 MP: 4/4
  2045 | D:2      | Reached skill level 6 in Ranged Weapons
  2376 | D:3      | Found a runed translucent door.
  2379 | D:3      | Noticed Crazy Yiuf
  2382 | D:3      | Slain by Crazy Yiuf

Illustrated notes

Levels and vault maps discovered:
D:1:      minmay_arrival_nine_rooms, layout_basic,
          dreamdust_ecumenical_altar_statues, nrook_loot_triangle
D:2:      layout_basic, basic_altar, serial_curves, eino_curves_04,
          eino_curves_04, hex_intersection
D:3:      layout_loops_ring, mainiacjoe_overflow_alcove_2, uniq_terence,
          uniq_crazy_yiuf_cottage

Skill      XL: |  1  2  3  4 |
---------------+-------------+-----
Stealth        | 2 |  2.0
Dodging        | 3 |  3.4
Fighting       | 3 |  3.1
Ranged Weapons | 6 |  6.0

Action                   |  1- 3 |  4- 6 || total
-------------------------+-------+-------++-------
 Fire: Shortbow          |    80 |    12 ||    92
Armor: Leather armour    |     7 |       ||     7
Dodge: Dodged            |    32 |       ||    32
